details: 'gg'

« prev index next »

General information

Mini Map

Players

team 1
UndeadMaSiWei (red | 190 APM | 5915 actions | 31:03)
Hero icon 5 Death Knight
Ability icon 3 Death Coil
Ability icon 2 Unholy Aura
Hero icon 3 Lich
Ability icon 2 Frost Nova
Ability icon 1 Frost Armor
Hero icon 4 Dark Ranger
Ability icon 2 Black Arrow
Ability icon 2 Silence

» actions
Assign group hotkey45
Basic commands324
Build / train85
ESC pressed1
Enter build submenu15
Enter hero's abilities submenu12
Remove unit from queue1
Right click2919
Select / deselect1203
Select group hotkey1098
Use ability211
5915 total
» units
Acolyte12
Ghoul3
Crypt Fiend15
Obsidian Statue8
Abomination4
42 total
» upgrades
Burrow1
Creature Carapace2
Destroyer Form1
Creature Attack1
Disease Cloud1
Web1
7 total
» buildings
Graveyard1
Crypt1
Altar of Darkness1
Ziggurat5
Tomb of Relics1
Nerubian Tower2
Halls of the Dead1
Slaughterhouse1
Black Citadel1
Necropolis1
15 total
» build order
00:04 Graveyard
00:08 Crypt
00:42 Altar of Darkness
00:59 Ziggurat
01:34 Tomb of Relics
02:13 Ziggurat
02:21 Nerubian Tower
02:21 Nerubian Tower
03:55 Halls of the Dead
04:32 Ziggurat
06:32 Slaughterhouse
06:37 Ziggurat
08:54 Black Citadel
13:04 Ziggurat
28:03 Necropolis
» items
Rod of Necromancy2
Scroll of Town Portal6
Potion of Mana2
Potion of Healing3
Orb of Corruption1
14 total
team 2
UndeadRigorMortis (purple | 140 APM | 4343 actions | 31:03)
Hero icon 6 Death Knight
Ability icon 3 Death Coil
Ability icon 3 Unholy Aura
Hero icon 5 Lich
Ability icon 3 Frost Nova
Ability icon 2 Dark Ritual
Hero icon 4 Dreadlord
Ability icon 2 Sleep
Ability icon 2 Vampiric Aura

» actions
Assign group hotkey66
Basic commands12
Build / train85
ESC pressed8
Enter build submenu24
Enter hero's abilities submenu16
Give item / drop item12
Right click2512
Select / deselect529
Select group hotkey848
Use ability231
4343 total
» units
Acolyte8
Ghoul5
Crypt Fiend18
Obsidian Statue6
Gargoyle1
Abomination5
43 total
» upgrades
Creature Attack3
Destroyer Form2
Web1
Creature Carapace1
Burrow1
8 total
» buildings
Altar of Darkness1
Ziggurat8
Crypt1
Tomb of Relics2
Graveyard1
Halls of the Dead2
Spirit Tower2
Slaughterhouse2
Black Citadel1
Necropolis2
22 total
» build order
00:07 Altar of Darkness
00:10 Ziggurat
00:33 Crypt
01:04 Tomb of Relics
01:06 Tomb of Relics
01:49 Graveyard
03:13 Halls of the Dead
03:13 Halls of the Dead
03:18 Ziggurat
03:20 Ziggurat
03:45 Ziggurat
04:48 Ziggurat
05:15 Spirit Tower
05:43 Slaughterhouse
09:03 Black Citadel
12:45 Ziggurat
14:11 Necropolis
16:32 Necropolis
27:35 Ziggurat
27:39 Spirit Tower
28:03 Slaughterhouse
28:17 Ziggurat
» items
Rod of Necromancy3
Potion of Lesser Invulnerability3
Orb of Corruption1
Scroll of Healing1
Scroll of Town Portal1
9 total